 Dungeon Sprint DCSS version 0.26.1-11-gd32895ea62 (webtiles) character file.

Game seed: 10996727673524514118

8022 Descartes the Brawler (level 11, -1/117 HPs)
             Began as a Troll Chaos Knight on June 3, 2021.
             Was a Plaything of Xom.
             Killed by the air
             ... invoked by a spriggan air mage
              (6 damage)
             ... in the Dungeon (Sprint V: "Ziggurat Sprint").
             The game lasted 00:16:25 (858 turns).

Descartes the Brawler (Troll Chaos Knight)           Turns: 858, Time: 00:16:27

Health: -1/117     AC: 31    Str: 30    XL:     11   Next: 4%
Magic:  13/13      EV:  1    Int:  8    God:    Xom [*.....]
Gold:   27         SH:  0    Dex: 12    Spells: 8/15 levels left

rFire    + . .     SeeInvis .     - Unarmed
rCold    + . .     Faith    +   D - +18 shield of the Gong {rElec rN+ Will+ EV-5}
rNeg     + . .     Spirit   .   h - +5 gold dragon scales
rPois    +         Reflect  .   (helmet restricted)
rElec    +         Harm     .   (no cloak)
rCorr    .         Rampage  .   (gloves unavailable)
Will     +....     NoTele   +   (boots unavailable)
Stlth    ..........             T - amulet of Megalomania {Faith Str+3}
HPRegen  0.69/turn              G - +4 ring of protection
MPRegen  0.13/turn              I - ring "Waymioc" {Str+5 Stlth+}

@: confused, studying Armour
A: large, unfitting armour, claws 3, hooves 1, regeneration 1, shaggy fur 1,
tough skin 3
a: Renounce Religion


You were in the Dungeon.
You worshipped Xom.
You were a special plaything of Xom.
You visited 1 branch You collected 27 gold pieces.

Inventory:

Hand Weapons
 F - the +3 flail "Kiphel" {holy, rC+ Int+4 Dex+4 Stlth+}
   (You found it in the Dungeon)

   It has been blessed by the Shining One to cause great damage to the undead
   and demons.
   It affects your intelligence (+4).
   It affects your dexterity (+4).
   It protects you from cold.
   It makes you more stealthy.
 M - a +3 triple sword of flaming
 R - the +7 triple crossbow of the Undead {penet, rF+ rC- Int+3}
   (You found it in the Dungeon)

   Ammo fired by it passes through the targets it hits, potentially hitting all
   targets in its path until it reaches maximum range.
   It affects your intelligence (+3).
   It protects you from fire.
   It makes you vulnerable to cold.
Missiles
 X - 6 silver boomerangs (quivered)
 Y - 3 throwing nets
Armour
 h - +5 gold dragon scales (worn)
 D - the +18 shield of the Gong (worn) {rElec rN+ Will+ EV-5}
   (You found it in the Dungeon)

   It affects your evasion (-5).
   It insulates you from electricity.
   It protects you from negative energy.
   It affects your willpower, your defense against some magical effects.
Jewellery
 t - an uncursed ring of flight
 u - a +6 ring of dexterity
 v - a +6 ring of dexterity
 w - a +6 ring of intelligence
 x - a +6 ring of intelligence
 y - a +6 ring of strength
 z - a +6 ring of strength
 G - a +4 ring of protection (left claw)
 I - the ring "Waymioc" (right claw) {Str+5 Stlth+}
   (You found it in the Dungeon)

   [ring of stealth]

   It affects your strength (+5).
   It makes you more stealthy.
 J - a +4 ring of evasion
 T - the amulet of Megalomania (around neck) {Faith Str+3}
   (You found it in the Dungeon)

   [amulet of faith]

   It allows you to gain divine favour quickly.
   It affects your strength (+3).
 U - an uncursed amulet of magic regeneration
 W - the ring "Foutilym" {EV+4 Str+3}
   (You found it in the Dungeon)

   [ring of evasion]

   It affects your evasion (+4).
   It affects your strength (+3).
Wands
 A - a wand of disintegration (7)
 B - a wand of iceblast (7)
 C - a wand of acid (7)
Scrolls
 g - 4 scrolls of blinking
 n - 4 scrolls of amnesia
 o - 7 scrolls of fog
 p - a scroll of holy word
 q - 5 scrolls of identify
 r - 5 scrolls of remove curse
 s - 2 scrolls of fear
Potions
 b - 10 potions of curing
 c - 8 potions of heal wounds
 d - 6 potions of haste
 e - 7 potions of magic
 f - 3 potions of berserk rage
 i - 2 potions of brilliance
 j - 2 potions of invisibility
 k - 4 potions of resistance
 m - 5 potions of might
Books
 L - a manual of
Armour
 O - a manual of Armour
Miscellaneous
 a - a condenser vane
 l - a phial of floods
 E - a box of beasts
 H - a phial of floods
 K - a condenser vane
 N - a phial of floods
 P - a condenser vane
 Q - a tin of tremorstones (2/2)
 S - a box of beasts
 V - a tin of tremorstones (2/2)


   Skills:
 - Level 10.0 Fighting
 - Level 3.3 Short Blades
 + Level 11.0 Armour
 - Level 5.0 Dodging
 - Level 9.0 Shields
 + Level 16.8 Unarmed Combat
 + Level 2.6 Spellcasting
 + Level 3.2 Transmutations


You had 8 spell levels left.
You knew the following spells:

 Your Spells              Type           Power        Failure   Level
a - Silence               Hex/Air        0%           100%        5
b - Passwall              Tmut/Erth      2%           99%         2

Your spell library contained the following spells:

 Spells                   Type           Power        Failure   Level
 Corona                   Hex            1%           100%        1
 Magic Dart               Conj           4%           100%        1
 Sandblast                Erth           2%           100%        1
 Ensorcelled Hibernation  Hex/Ice        2%           100%        2
 Searing Ray              Conj           2%           100%        2
 Dazzling Flash           Conj/Hex       2%           100%        3
 Portal Projectile        Hex/Tloc       2%           100%        3
 Stone Arrow              Conj/Erth      2%           100%        3
 Summon Guardian Golem    Hex/Summ       1%           100%        3
 Fulminant Prism          Conj/Hex       0%           100%        4
 Iskenderun's Mystic Bla  Conj/Tloc      1%           100%        4
 Petrify                  Tmut/Erth      3%           100%        4
 Summon Lightning Spire   Summ/Air       1%           100%        4
 Lee's Rapid Deconstruct  Erth           0%           100%        5
 Conjure Ball Lightning   Conj/Air       0%           100%        6
 Invisibility             Hex            1%           100%        6
 Haunt                    Necr/Summ      0%           100%        7
 Borgnjor's Revivificati  Necr           0%           100%        8
 Infestation              Necr           0%           100%        8
 Necromutation            Tmut/Necr      1%           100%        8
 Death's Door             Necr           0%           100%        9
 Tornado                  Air            0%           100%        9


Dungeon Overview and Level Annotations

Branches:
Dungeon (1/1)

Altars:
Ashenzari
Cheibriados
Dithmenos
Elyvilon
Fedhas
Gozag
Hepliaklqana
Kikubaaqudgha
Makhleb
Nemelex Xobeh
Okawaru
Qazlal
Ru
Sif Muna
Trog
Uskayaw
Vehumet
Wu Jian
Xom
Yredelemnul
Zin
The Shining One
Beogh
Jiyva
Lugonu


Innate Abilities, Weirdness & Mutations

You are too large for most types of armour.
You have claws for hands.
Your natural rate of healing is unusually fast.
You are covered in fur. (AC +1)
You have extremely tough skin. (AC +3)
You have large cloven feet.


Message History

You claw the spriggan berserker! You kick the spriggan berserker.
The spriggan berserker is heavily wounded.
The spriggan berserker hits you with a +0 hand axe!!
* * * LOW HITPOINT WARNING * * *
The spriggan berserker prays to Trog.
The spriggan berserker goes berserk!
The polar bear rages.
You miss the spriggan berserker.
Your kick misses the spriggan berserker.
The spriggan berserker is heavily wounded.
The spriggan berserker hits you but does no damage. x2
You claw the spriggan berserker!
The spriggan berserker is heavily wounded.
The spriggan berserker hits you with a +0 hand axe!
* * * LOW HITPOINT WARNING * * *
The spriggan berserker completely misses you.
The spriggan air mage waves its arms in wide circles.
The air twists around and strikes you.
You die...
Xom is highly amused! , *, ,C4DDkZ

*,,,,,,,,,▓..[)[[. , ,*
,ZW5,4,,▓..=))):..▓....|[.
, ,,,
,,,,▓.........▓..).... , ,
* ,
,,,,,▓.........▓))†)_.. *
* , , ,,▓....§....▓(†)(...
8 8 ,
,,,,▓...i.....▓.(..... 8*,
,*,,▓iD.......▓....... ,©
,8*,
,,*,▓i▓Dh...▓.▓....©.. *,,
©,,,,▓@iiF©....▓▓▓▓▓▓▓▓ 8*
*** **▓▓▓▓▓▓▓▓▓▓▓******* *
* ** *
*****,,,,,,,,8©8,,,,,, ,8©
,,, ,,,,*,Z2Z54 Z4,4hWZ4z2


pcppcpcLDc,pDL,*,4425WZZ,5Cz2222n DLLpLpD pDpCC,,*,1Z,ZZ45,125W2514 ppppp,ccLDLD
L,*,,,,,W,4Z44M,,,,, pccpC , p,,,*,, C,4,,,n,,,,,,, ,, p,,,,,,*,,,,,,,,,,,,,,,,,
You could see an eight-headed hydra, a seven-headed hydra, 2 spriggan
berserkers, 2 spriggan air magi, a polar bear (summoned, berserk) and a cane
toad.

Vanquished Creatures
  A hell hog (D)
  A spriggan druid (D)
  2 draconians (D)
  2 cane toads (D)
  A rime drake (D)
  A komodo dragon (D)
  2 efreet (D)
  5 wind drakes (D)
  5 merfolk (D)
  3 hornets (D)
  5 spriggans (D)
  2 wyverns (D)
  A fire elemental (D)
  2 steam dragons (D)
  A water moccasin (D)
  An acid dragon (D)
  2 hell hounds (D)
  A swamp drake (D)
  4 black bears (D)
  A wolf (D)
  2 centaurs (D)
  A crimson imp (D)
  A quasit (D)
  An orc priest (D)
  2 orc wizards (D)
  An adder (D)
  A white imp (D)
  2 adder skeletons (D)
  An orc (D)
  A bat skeleton (D)
  2 ball pythons (D)
  A fire vortex (D)
59 creatures vanquished.

Vanquished Creatures (collateral kills)
  A merfolk (D)
  2 spriggans (D)
3 creatures vanquished.

Vanquished Creatures (others)
  3 dancing weapons (D)
  A fire vortex (D)
4 creatures vanquished.

Grand Total: 66 creatures vanquished

Notes
Turn   | Place    | Note
-------+----------+-------------------------------------------
     0 | D        | Descartes the Troll Chaos Knight began the quest for the
                  | Orb.
     0 | D        | Reached XP level 1. HP: 22/22 MP: 0/0
    13 | D        | Found a blossoming altar of Fedhas.
    14 | D        | Found the +6 Majin-Bo {vamp, MP+6 Int+6}
    14 | D        | Found the +9 heavy crossbow "Sniper" {vorpal, Acc+∞ SInv}
    14 | D        | Found the +10 dark maul {vorpal}
    14 | D        | Found the +15 Maxwell's patent armour {-Cast -Tele rElec
                  | Will+ rCorr}
    14 | D        | Found the +18 shield of the Gong {rElec rN+ Will+ EV-5}
    14 | D        | Found the cursed +14 obsidian axe {vorpal, +Fly SInv
                  | *Curse}
    14 | D        | Found the +7 great mace "Firestarter" {inner flame, rF++}
    14 | D        | Found the +6 shillelagh "Devastator" {shatter}
    14 | D        | Found the +11 plutonium sword {*Contam Stlth-}
    14 | D        | Found the +8 lance "Wyrmbane" {slay drac, rPois rF+ rC+
                  | AC+3}
    14 | D        | Found the +9 sword of Zonguldrok {reap}
    14 | D        | Found the cursed +13 scythe of Curses {drain, *Curse}
    14 | D        | Found the +5 sword of Power {vorpal}
    14 | D        | Found the +7 mace of Variability {chain chaos}
    14 | D        | Found the +7 Singing Sword {vorpal, sonic wave}
    14 | D        | Found the +8 storm bow {elec, penet}
    16 | D        | Found a shimmering blue altar of Sif Muna.
    16 | D        | Found a sacrificial altar of Ru.
    16 | D        | Found a bloodstained altar of Trog.
    16 | D        | Found a stormy altar of Qazlal.
    16 | D        | Found an iron altar of Okawaru.
    16 | D        | Found a sparkling altar of Nemelex Xobeh.
    18 | D        | Found a transporter.
    18 | D        | Found an ancient bone altar of Kikubaaqudgha.
    18 | D        | Found a viscous altar of Jiyva.
    18 | D        | Found a corrupted altar of Lugonu.
    18 | D        | Found a hazy altar of Hepliaklqana.
    18 | D        | Found a burning altar of Makhleb.
    18 | D        | Found an opulent altar of Gozag.
    53 | D        | Reached XP level 2. HP: 29/29 MP: 1/1
    60 | D        | Entered arena 2.
    60 | D        | Noticed a draconian
    60 | D        | Noticed a draconian
    60 | D        | Found a transporter.
    70 | D        | XOM: potion effect (haste)
    87 | D        | XOM: silly message
   107 | D        | Killed a draconian
   108 | D        | Reached skill level 5 in Fighting
   108 | D        | Reached skill level 7 in Unarmed Combat
   108 | D        | Reached XP level 3. HP: 41/42 MP: 2/2
   108 | D        | Reached XP level 4. HP: 49/50 MP: 3/3
   108 | D        | Reached XP level 5. HP: 56/57 MP: 4/4
   108 | D        | Reached XP level 6. HP: 64/66 MP: 5/5
   108 | D        | XOM: summons friendly shadow imp
   111 | D        | XOM: cleaving
   118 | D        | XOM: divine lightning
   120 | D        | Killed a draconian
   121 | D        | Reached skill level 8 in Unarmed Combat
   121 | D        | Reached XP level 7. HP: 75/75 MP: 6/6
   131 | D        | Entered arena 3.
   131 | D        | Found a transporter.
   143 | D        | Reached skill level 5 in Dodging
   153 | D        | Got the +3 flail "Kiphel" {holy, rC+ Int+4 Dex+4 Stlth+}
   155 | D        | Entered arena 4.
   155 | D        | Found a transporter.
   166 | D        | Reached skill level 5 in Armour
   192 | D        | XOM: god gift: 27 gold pieces
   210 | D        | Got the Tome of Malediction
   217 | D        | Entered arena 5.
   217 | D        | Found a transporter.
   225 | D        | XOM: confuse monster(s)
   228 | D        | Reached skill level 9 in Unarmed Combat
   257 | D        | Entered arena 6.
   257 | D        | Found a transporter.
   260 | D        | XOM: scenery: summon butterflies
   262 | D        | XOM: summons friendly shadow imp
   270 | D        | XOM: noise
   276 | D        | Reached XP level 8. HP: 83/87 MP: 7/7
   302 | D        | Entered arena 7.
   302 | D        | Noticed a spriggan rider
   302 | D        | Noticed a spriggan rider
   302 | D        | Noticed a spriggan druid
   304 | D        | XOM: potion effect (invisibility)
   322 | D        | XOM: cleaving
   329 | D        | Killed a hornet
   330 | D        | Reached skill level 10 in Unarmed Combat
   334 | D        | Noticed a wind drake
   337 | D        | Noticed a wind drake
   338 | D        | Killed a spriggan druid
   338 | D        | XOM: summons friendly ynoxinul
   339 | D        | Reached skill level 11 in Unarmed Combat
   339 | D        | Reached XP level 9. HP: 90/98 MP: 8/8
   340 | D        | XOM: destruction
   344 | D        | Reached skill level 12 in Unarmed Combat
   349 | D        | Reached skill level 10 in Fighting
   356 | D        | Killed a wind drake
   360 | D        | Killed a wind drake
   361 | D        | Reached skill level 13 in Unarmed Combat
   361 | D        | Found a transporter.
   380 | D        | Got the ring "Waymioc" {Str+5 Stlth+}
   390 | D        | Learned a level 5 spell: Silence
   391 | D        | Entered arena 8.
   391 | D        | Noticed a wind drake
   391 | D        | Noticed an efreet
   391 | D        | Noticed an efreet
   391 | D        | Noticed a hell hog
   403 | D        | Killed a hell hog
   409 | D        | Killed a wind drake
   410 | D        | Reached skill level 14 in Unarmed Combat
   410 | D        | XOM: divination: magic mapping
   416 | D        | Killed an efreet
   417 | D        | Found a transporter.
   423 | D        | Reached XP level 10. HP: 53/110 MP: 9/9
   427 | D        | Reached skill level 15 in Unarmed Combat
   484 | D        | XOM: give mutation
   484 | D        | Gained mutation: You have large cloven feet. [Xom's grace]
   514 | D        | Entered arena 9.
   514 | D        | Noticed a spriggan rider
   520 | D        | XOM: summons friendly crimson imp
   531 | D        | Found a transporter.
   589 | D        | Entered arena 10.
   602 | D        | Reached skill level 16 in Unarmed Combat
   608 | D        | XOM: summons friendly quasit
   620 | D        | Found a transporter.
   639 | D        | Got the +7 triple crossbow of the Undead {penet, rF+ rC-
                  | Int+3}
   647 | D        | Got the amulet of Megalomania {Faith Str+3}
   661 | D        | Learned a level 2 spell: Passwall
   661 | D        | Entered arena 11.
   662 | D        | Found the +5 robe of Misfortune {*Contam Harm *Corrode
                  | *Drain *Slow EV+5}
   662 | D        | Found a transporter.
   664 | D        | XOM: scenery: create altars
   665 | D        | XOM: divination: detect creatures
   670 | D        | Reached skill level 1 in Transmutations
   675 | D        | XOM: divination: detect creatures
   686 | D        | Reached skill level 10 in Armour
   686 | D        | Reached skill level 1 in Spellcasting
   692 | D        | HP: 4/110 [merfolk/+0 trident (10)]
   716 | D        | Got the ring "Foutilym" {EV+4 Str+3}
   842 | D        | Entered arena 12.
   842 | D        | Noticed a cane toad
   842 | D        | Noticed a cane toad
   842 | D        | Noticed an eight-headed hydra
   842 | D        | Noticed a seven-headed hydra
   842 | D        | Noticed a cane toad
   842 | D        | XOM: cast spell 'Call Canine Familiar'
   842 | D        | Noticed a spriggan berserker
   842 | D        | Noticed a spriggan air mage
   842 | D        | Noticed a spriggan air mage
   843 | D        | Noticed a spriggan berserker
   850 | D        | Killed a cane toad
   851 | D        | Reached XP level 11. HP: 117/117 MP: 13/13
   851 | D        | XOM: confusion
   858 | D        | HP: 5/117 [spriggan berserker/+0 hand axe (11)]
   858 | D        | Killed from afar by a spriggan air mage

Illustrated notes

Levels and vault maps discovered:
D:        sprint_v [room_start, room_1, room_2, room_3, room_4, room_5, room_6,
          room_7, room_8, room_9, room_10, room_11, room_12, room_13, room_14,
          room_15, room_16, room_17, room_18, room_19, room_20, room_21,
          room_22, room_23, room_24, room_25, room_26, room_27]

Skill      XL: |  1  2  3  4  5  6  7  8  9 10 11 |
---------------+----------------------------------+-----
Short Blades   | 3 |  3.3
Armour         | 3 4 5 10 11 | 11.0
Shields        | 3 6 7 8 9 |  9.0
Fighting       | 5 6 7 9 10 | 10.0
Dodging        | 3 4 5 |  5.0
Unarmed Combat | 7 8 9 11 14 16 | 16.8
Transmutations | 3 |  3.2
Spellcasting   | 2 |  2.6

Action                   |  1- 3 |  4- 6 |  7- 9 | 10-12 || total
-------------------------+-------+-------+-------+-------++-------
Melee: Unarmed           |    46 |    13 |   140 |    97 ||   296
       Kick              |       |       |       |    26 ||    26
Evoke: Box of beasts     |       |       |       |     1 ||     1
  Use: Potion            |     1 |       |       |     2 ||     3
 Stab: Distracted        |       |     1 |       |       ||     1
       Confused          |       |       |     1 |       ||     1
       Invisible         |       |       |     8 |       ||     8
Armor: Gold dragon scale |     9 |       |    48 |    63 ||   120
Dodge: Dodged            |       |       |     1 |     2 ||     3
Block: Kite shield       |    51 |     7 |   162 |   144 ||   364
